 Dungeon Sprint DCSS version 0.27.1 (webtiles) character file.

Game seed: 16743813555253753881

5910 styxcanada the Imperceptible (level 10, -15/82 HPs)
             Began as a Spriggan Brigand on Aug 30, 2021.
             Was an Initiate of Gozag.
             Demolished by Agnes (30 damage)
             ... in the Dungeon (Sprint IV: "Fedhas' Mad Dash").
             The game lasted 00:09:15 (1528 turns).

styxcanada the Imperceptible (Spriggan Brigand)     Turns: 1528, Time: 00:09:15

Health: -15/82     AC:  7    Str:  7    XL:     10   Next: 53%
Magic:  11/11      EV: 28    Int: 13    God:    Gozag
Gold:   1682       SH:  7    Dex: 24    Spells: 6/9 levels left

rFire    . . .     SeeInvis +   n - +7 short sword of Integrity {drain, +Rage rC- Dex+4}
rCold    x . .     Faith    .   c - +1 buckler {rPois}
rNeg     . . .     Spirit   .   q - +2 robe {Will+}
rPois    +         Reflect  .   (helmet restricted)
rElec    .         Harm     .   b - +2 cloak
rCorr    .         Rampage  .   (gloves unavailable)
Will     ++...     NoTele   +   (boots unavailable)
Stlth    ..........             m - amulet of invisibility {+Inv}
HPRegen  0.23/turn              (no ring)
MPRegen  0.12/turn              (no ring)

@: berserking, very slightly contaminated, invisible, very quick
A: very small, no large weapons, unfitting armour, see invisible, speed 3
a: Renounce Religion, Evoke Berserk Rage, Evoke Invisibility, Potion Petition,
Call Merchant, Bribe Branch


You were in the Dungeon.
You worshipped Gozag.
Gozag was most pleased with you.
You visited 1 branch You collected 2343 gold pieces.
You spent 661 gold pieces at shops.

Inventory:

Hand Weapons
 a - a +2 dagger
 n - the +7 short sword of Integrity (weapon) {drain, +Rage rC- Dex+4}
   (You bought it in a shop in the Dungeon)

   A truly terrible weapon, it drains the life of any living foe it strikes.
   Dex:       It affects your dexterity (+4).
   rC:        It makes you vulnerable to cold.
   +Rage:     It lets you go berserk.
 p - a +0 rapier of holy wrath
Missiles
 d - 26 poisoned darts (quivered)
 e - 2 curare-tipped darts
Armour
 b - a +2 cloak (worn)
 c - a +1 buckler of poison resistance (worn)
 q - a +2 robe of willpower (worn)
Jewellery
 m - the amulet of invisibility (around neck) {+Inv}
   (You found it in the Dungeon)

   [amulet of nothing]

   +Inv:      It lets you turn invisible.
Scrolls
 k - a scroll of blinking
 t - a scroll of holy word
Potions
 f - 3 potions of curing
 h - a potion of haste
 i - 2 potions of magic


   Skills:
 * Level 7.6 Fighting
 + Level 5.7 Short Blades
 + Level 3.5 Throwing
 * Level 11.7 Dodging
 * Level 26.2 Stealth
 * Level 0.1 Shields
 * Level 10.9 Evocations


You had 6 spell levels left.
You knew the following spells:

 Your Spells              Type           Power      Damage    Failure   Level
a - Sting                 Tmut/Pois      0%         1d3       45%         1
b - Poisonous Vapours     Pois/Air       0%         N/A       61%         2

Your spell library contained the following spells:

 Spells                   Type           Power      Damage    Failure   Level
 Olgreb's Toxic Radiance  Pois           0%         N/A       99%         4
 Passage of Golubria      Tloc           N/A        N/A       99%         4
 Silence                  Hex/Air        0%         N/A       100%        5
 Lehudib's Crystal Spear  Conj/Erth      0%         10d2      100%        8


Dungeon Overview and Level Annotations

Branches:
Dungeon (1/1)

Altars:
Cheibriados
Dithmenos
Elyvilon
Gozag
Hepliaklqana
Kikubaaqudgha
Makhleb
Nemelex Xobeh
Okawaru
Qazlal
Ru
Sif Muna
Trog
Uskayaw
Vehumet
Wu Jian
Xom
Yredelemnul
Zin
The Shining One
Beogh
Jiyva
Lugonu

Shops:
D [*=[*((*

Annotations:
D Agnes


Innate Abilities, Weirdness & Mutations

You are very small and have problems with some larger weapons.
You are too small for most types of armour.
You have supernaturally acute eyesight. (SInv)
You cover ground extremely quickly. (Speed+++)


Message History

You hit Agnes.
Agnes is lightly wounded.
Agnes completely misses you.
Agnes hits you with a +4 lajatang of speed!!!
Ouch! That really hurt!
* * * LOW HITPOINT WARNING * * *
The spriggan berserker shouts!
You block Agnes's attack.
Agnes says, "You dishonour your ancestors."
There is an open door here.
The spriggan berserker invokes Trog's protection!
There is an open door here.
You feel much better. Agnes closely misses you.
Agnes says, "You will find the Path of Peace easy to follow, in death."
Agnes completely misses you. x2
You puncture Agnes!
Agnes is lightly wounded.
Agnes hits you with a +4 lajatang of speed!
Agnes closely misses you.
The spriggan berserker utters an invocation to Trog.
Agnes mutters, "I never trained for this."
There is an open door here.
You hit Agnes. You drain Agnes.
Agnes is lightly wounded.
Agnes barely misses you. You block Agnes's attack.
You miss Agnes.
Agnes is lightly wounded.
Agnes closely misses you. Agnes completely misses you.
Agnes hits you with a +4 lajatang of speed!
Okay, then.
A red film seems to cover your vision as you go berserk!
You feel yourself moving faster!
You feel mighty! Agnes completely misses you. Agnes closely misses you.
Agnes hits you with a +4 lajatang of speed!
* * * LOW HITPOINT WARNING * * *
You puncture Agnes!
Agnes is moderately wounded.
Agnes hits you with a +4 lajatang of speed!!
You die...
Your body crumbles into a pile of gold.

'.#...'.._._._._._..'..#[..#....'
#.#...#..._._._._...#..###'##.).#
####'##.._._._._._..#..##∩∩.'...#
..'...#._._._._._.⌠.#############
..#...###################....!(##
.######♣♣♣♣♣..♣.###.i.['.......'.
###..'......♣..♣##..#..#.P.....##
.....#♣..♣♣♣.♣).###.##'##.P....#
.....#.♣♣.[♣...♣@i..#♣.♣########
#######**############.....#***
,,,,,,,,,,,,* **#..♣..♣....#**
,,,,,,,,,,,,****#...♣......♣..,**
,,,,,,,,,,,,,,,......♣.....∩.∩,,,
,,,,,,,,,,,,,,*###############***
+************** ******* *******
,,,,,* ***,,*****,,,∩∩***,,,,,***
,,,,,* *,,,,+,,,,,,,,,**,,,,,,+,*


You could see Agnes (drained).

Vanquished Creatures
  A spriggan druid (D)
  6 oklob plants (D)
  3 wandering mushrooms (D)
  A demonic crawler (D)
  A queen bee (D)
  3 burning bushes (D)
  A hornet (D)
  3 scorpions (D)
  4 killer bees (D)
  5 oklob saplings (D)
  5 spriggans (D)
  A river rat (D)
  A rat (D)
  A ballistomycete spore (D)
36 creatures vanquished.

Notes
Turn   | Place    | Note
-------+----------+-------------------------------------------
     0 | D        | styxcanada the Spriggan Brigand began the quest for the
                  | Orb.
     0 | D        | Reached XP level 1. HP: 10/10 MP: 2/2
     9 | D        | Reached skill level 7 in Stealth
     9 | D        | Reached XP level 2. HP: 15/15 MP: 3/3
    11 | D        | Reached skill level 8 in Stealth
    19 | D        | Noticed an oklob sapling
    21 | D        | Killed an oklob sapling
    22 | D        | Reached skill level 10 in Stealth
    22 | D        | Reached XP level 3. HP: 18/18 MP: 4/4
    23 | D        | Noticed a scorpion
    23 | D        | Found the amulet of invisibility {+Inv}
    25 | D        | Killed a scorpion
    26 | D        | Reached skill level 12 in Stealth
    26 | D        | Reached XP level 4. HP: 23/23 MP: 5/5
    47 | D        | Found an opulent altar of Gozag.
    47 | D        | Found a hazy altar of Hepliaklqana.
    47 | D        | Found a burning altar of Makhleb.
    47 | D        | Found a sparkling altar of Nemelex Xobeh.
    47 | D        | Found a snail-covered altar of Cheibriados.
    47 | D        | Found a sacrificial altar of Ru.
    47 | D        | Found a shimmering blue altar of Sif Muna.
    47 | D        | Found a shimmering altar of Xom.
    47 | D        | Found a basalt altar of Yredelemnul.
    48 | D        | Found a viscous altar of Jiyva.
    48 | D        | Found a bloodstained altar of Trog.
    48 | D        | Found an ornate altar of the Wu Jian Council.
    49 | D        | Found an iron altar of Okawaru.
    49 | D        | Found a shadowy altar of Dithmenos.
    49 | D        | Found a glowing silver altar of Zin.
    50 | D        | Found an ancient bone altar of Kikubaaqudgha.
    50 | D        | Found a hide-covered altar of Uskayaw.
    51 | D        | Found a stormy altar of Qazlal.
    51 | D        | Found a white marble altar of Elyvilon.
    51 | D        | Found a glowing golden altar of the Shining One.
    52 | D        | Became a worshipper of Gozag Ym Sagoz the Greedy
    53 | D        | Found a corrupted altar of Lugonu.
    53 | D        | Found a radiant altar of Vehumet.
    57 | D        | Reached skill level 13 in Stealth
    57 | D        | Reached XP level 5. HP: 28/28 MP: 3/6
    82 | D        | Reached skill level 14 in Stealth
    82 | D        | Reached skill level 1 in Evocations
   471 | D        | Reached skill level 5 in Dodging
   472 | D        | Reached skill level 15 in Stealth
   474 | D        | Reached XP level 6. HP: 32/32 MP: 4/7
   502 | D        | Found Ypnosues's Assorted Antiques.
   502 | D        | Found Pomaog's Armour Emporium.
   508 | D        | Bought a +1 robe of willpower for 152 gold pieces
   527 | D        | Bought a glowing cloak for 180 gold pieces
   527 | D        | Bought a black potion for 21 gold pieces
   527 | D        | Bought a scroll labelled HAZXOMAZOF for 24 gold pieces
   743 | D        | Noticed a burning bush
   743 | D        | Noticed a wandering mushroom
   744 | D        | Noticed a wandering mushroom
   747 | D        | Killed a burning bush
   748 | D        | Reached skill level 17 in Stealth
   748 | D        | Killed a wandering mushroom
   749 | D        | Reached skill level 18 in Stealth
   749 | D        | Reached XP level 7. HP: 38/38 MP: 5/8
   749 | D        | Killed a wandering mushroom
   750 | D        | Reached skill level 5 in Fighting
   750 | D        | Reached skill level 19 in Stealth
   750 | D        | Reached skill level 5 in Evocations
   765 | D        | Found Gyusas's Antique Weapon Emporium.
   765 | D        | Found Gakiotoa's Assorted Antiques.
   768 | D        | Identified the +3 battleaxe of Conscience {drain, Dex+4}
   770 | D        | Bought a scroll labelled BAG QADIMYWU for 22 gold pieces
   770 | D        | Bought a scroll labelled ABE UCLEIFOC for 22 gold pieces
   780 | D        | Bought a steaming short sword for 192 gold pieces
   780 | D        | Identified the +7 short sword of Integrity {drain, +Rage
                  | rC- Dex+4} (You bought it in a shop in the Dungeon)
   780 | D        | Bought a scroll labelled WARAOW VOITEU for 24 gold pieces
   780 | D        | Bought a scroll labelled MYENGI SYACSUOM for 24 gold pieces
   812 | D        | Reached skill level 5 in Short Blades
   812 | D        | Reached XP level 8. HP: 43/43 MP: 6/9
   818 | D        | Noticed a queen bee
   825 | D        | Killed a queen bee
   826 | D        | Reached skill level 20 in Stealth
   870 | D        | Noticed an oklob plant
   873 | D        | Killed an oklob plant
   874 | D        | Reached skill level 21 in Stealth
   886 | D        | Noticed a burning bush
   889 | D        | Killed a burning bush
   890 | D        | Reached skill level 22 in Stealth
   890 | D        | Reached XP level 9. HP: 48/48 MP: 8/10
   950 | D        | Noticed a burning bush
   950 | D        | Noticed an oklob plant
   951 | D        | Noticed a wandering mushroom
   952 | D        | Killed a burning bush
   957 | D        | Killed an oklob plant
   958 | D        | Reached skill level 10 in Dodging
   958 | D        | Reached skill level 23 in Stealth
   961 | D        | Killed a wandering mushroom
  1025 | D        | Noticed a spriggan druid
  1027 | D        | Killed a spriggan druid
  1028 | D        | Reached skill level 24 in Stealth
  1091 | D        | Noticed an oklob plant conjurer
  1092 | D        | Killed an oklob plant conjurer
  1150 | D        | Noticed an oklob plant
  1150 | D        | Noticed an oklob plant summoner
  1151 | D        | Noticed an oklob plant shifter
  1155 | D        | Killed an oklob plant
  1156 | D        | Reached XP level 10. HP: 55/55 MP: 8/11
  1157 | D        | Killed an oklob plant summoner
  1158 | D        | Reached skill level 25 in Stealth
  1158 | D        | Reached skill level 10 in Evocations
  1160 | D        | Killed an oklob plant shifter
  1229 | D        | Noticed a spriggan rider
  1230 | D        | Found Epuitri's Antique Weapon Emporium.
  1243 | D        | Killed a spriggan rider
  1244 | D        | Reached skill level 26 in Stealth
  1260 | D        | Found Anuwko's Assorted Antiques.
  1498 | D        | Learned a level 1 spell: Sting
  1501 | D        | Learned a level 2 spell: Poisonous Vapours
  1507 | D        | Noticed Agnes
  1509 | D        | Found Docsy's Jewellery Emporium.
  1509 | D        | Noticed a spriggan berserker
  1511 | D        | Found Hokhein's Armour Shoppe.
  1528 | D        | Demolished by Agnes

Illustrated notes

Levels and vault maps discovered:
D:        dungeon_sprint_fedhas [sprint_temple]

Skill      XL: |  1  2  3  4  5  6  7  8  9 10 |
---------------+-------------------------------+-----
Dodging        | 2 3 4 5 7 8 9 11 | 11.7
Stealth        | 7 10 12 13 15 18 19 22 24 26 | 26.2
Fighting       | 2 3 4 5 6 7 |  7.6
Short Blades   | 3 4 5 |  5.7
Evocations     | 2 4 5 7 9 10 | 10.9
Throwing       | 3 |  3.5
Shields        | |  0.1

Action                   |  1- 3 |  4- 6 |  7- 9 | 10-12 || total
-------------------------+-------+-------+-------+-------++-------
Melee: Dagger            |     4 |    14 |     2 |       ||    20
       Short sword       |       |       |    16 |    22 ||    38
Throw: Dart              |       |       |       |     2 ||     2
 Abil: Evoke Invisibilit |       |     4 |     6 |     2 ||    12
       Evoke Berserk Rag |       |       |       |     1 ||     1
  Use: Scroll            |       |     3 |       |     5 ||     8
       Potion            |       |       |       |     2 ||     2
 Stab: Sleeping          |     4 |     6 |    18 |     3 ||    31
       Invisible         |       |     1 |       |       ||     1
Armor: Robe              |       |       |       |     1 ||     1
Dodge: Dodged            |       |     1 |       |    15 ||    16
Block: Buckler           |       |       |       |     3 ||     3
